 Dungeon Crawl Stone Soup version 0.24.0-123-gd5b16e6ec5 (webtiles) character file.

Game seed: 8324936909804807552, levelgen mode: deterministic

4 vurker the Gusty (level 1, -1/10 HPs)
             Began as a Tengu Air Elementalist on Dec 30, 2019.
             Slain by a leopard gecko (4 damage)
             ... on level 1 of the Dungeon.
             The game lasted 00:00:14 (180 turns).

vurker the Gusty (Tengu Air Elementalist)            Turns: 180, Time: 00:00:15

Health: -1/10      AC:  2    Str:  8    XL:     1   Next: 60%
Magic:  1/4        EV: 12    Int: 15    God:
Gold:   0          SH:  0    Dex: 14    Spells: 3/4 levels left

rFire    . . .     SeeInvis .   (no weapon)
rCold    . . .     Gourm    .   (no shield)
rNeg     . . .     Faith    .   a - +0 robe
rPois    .         Spirit   .   (helmet restricted)
rElec    .         Reflect  .   (no cloak)
rCorr    .         Harm     .   (no gloves)
MR       .....                  (boots unavailable)
Stlth    ++........             (no amulet)
HPRegen  0.03/turn              (no ring)
MPRegen  0.09/turn              (no ring)

@: no status effects
A: beak, talons 3
a: no special abilities


You were on level 1 of the Dungeon.
You were not hungry.

You visited 1 branch of the dungeon, and saw 1 of its levels.

Inventory:

Armour
 a - a +0 robe (worn)
Scrolls
 b - a scroll of teleportation {unknown}
Potions
 d - a potion of flight {unknown}
 f - a potion of haste {unknown}
Comestibles
 c - a chunk of flesh
 e - 2 rations


   Skills:
 + Level 0.1 Fighting
 - Level 2.1 Dodging
 - Level 2.0 Stealth
 * Level 2.0 Spellcasting
 * Level 1.7 Conjurations
 * Level 4.1 Air Magic


You had 3 spell levels left.
You knew the following spells:

 Your Spells              Type           Power        Failure   Level  Hunger
a - Shock                 Conj/Air       ##..         7%          1    #......

Your spell library contained the following spells:

 Spells                   Type           Power        Failure   Level  Hunger
 Swiftness                Chrm/Air       #.......     14%         2    ###....
 Static Discharge         Conj/Air       ##......     21%         3    ###....
 Airstrike                Air            ##........   36%         4    #####..
 Lightning Bolt           Conj/Air       ##........   88%         5    ######.


Dungeon Overview and Level Annotations

Branches:
Dungeon (1/15)

Altars:


Innate Abilities, Weirdness & Mutations

You have a beak for a mouth.
You have claws for feet.


Message History

A kobold is nearby!
Aim: a kobold The zap hits the kobold.
The kobold throws a stone.
The stone hits you but does no damage.
Aim: a kobold (moderately wounded)
The zap hits the kobold.
The kobold throws a stone.
The stone hits you but does no damage.
Aim: a kobold (heavily wounded)
The zap hits the kobold.
You kill the kobold!
You can't see any susceptible monsters within range! (Use Z to cast anyway.)
You can't see any susceptible monsters within range! (Use Z to cast anyway.)
You can't see any susceptible monsters within range! (Use Z to cast anyway.)
You can't see any susceptible monsters within range! (Use Z to cast anyway.)
Found 18 stones.
Found an inky potion.
f - an inky potion A frilled lizard comes into view.
A frilled lizard is nearby!
A frilled lizard is nearby!
Aim: a frilled lizard (resting)
The zap hits the frilled lizard.
You kill the frilled lizard!
You can't see any susceptible monsters within range! (Use Z to cast anyway.)
You can't see any susceptible monsters within range! (Use Z to cast anyway.)
A hobgoblin comes into view. It is wielding a +0 club.
Found a ration.
A hobgoblin is nearby!
A hobgoblin is nearby!
Aim: a hobgoblin, wielding a +0 club (resting)
The zap hits the hobgoblin but does no damage.
The hobgoblin shouts!
Aim: a hobgoblin, wielding a +0 club The zap misses the hobgoblin.
Aim: a hobgoblin, wielding a +0 club The zap hits the hobgoblin.
A leopard gecko comes into view.
Aim: a hobgoblin, wielding a +0 club (severely wounded)
The zap hits the hobgoblin.
You kill the hobgoblin!
The leopard gecko hisses angrily.
A leopard gecko is nearby!
You don't have enough magic to cast that spell.
Found a ration.
You barely miss the leopard gecko. Your peck misses the leopard gecko.
The leopard gecko bites you. x2
* * * LOW HITPOINT WARNING * * *
The leopard gecko hisses menacingly.
The leopard gecko bites you.
You die...

#..)..#...##
#...%....#.#
#.†.#.##.#
#..#.#.###...
#.......^..
##..####...
#..##...
#.l##.####
#.@......#
##.##.##.#
#.##.# .#
#.##.##.#
#.##.##.####.#
#.........(..#
####.#...#####
#..........
#######..(#####


You could see a leopard gecko.

Vanquished Creatures
  A hobgoblin (D:1)
  A kobold (D:1)
  A frilled lizard (D:1)
  A rat (D:1)
4 creatures vanquished.

Notes
Turn   | Place    | Note
-------+----------+-------------------------------------------
     0 | D:1      | vurker the Tengu Air Elementalist began the quest for the
                  | Orb.
     0 | D:1      | Reached XP level 1. HP: 10/10 MP: 4/4
   180 | D:1      | Slain by a leopard gecko

Levels and vault maps discovered:
D:1:      lemuel_arrival_behind_the_door_small, layout_loops_ring

Action                   || total
-------------------------++-------
Melee: Unarmed           ||     1
 Cast: Shock             ||     9
